 Dungeon Crawl Stone Soup version 0.17-a0-1997-ga88ed7d (webtiles) character file.

1424 Ordine the Fighter (level 8, -26/61 HPs)
             Began as an Octopode Fighter on Oct 8, 2015.
             Annihilated by an ogre
             ... wielding a +0 giant club
              (31 damage)
             ... on level 6 of the Dungeon.
             The game lasted 00:17:27 (6393 turns).

Ordine the Fighter (Octopode Fighter)               Turns: 6393, Time: 00:17:28

Health: -26/61     AC:  1    Str: 15    XL:     8   Next: 72%
Magic:  8/8        EV: 12    Int: 11    God:
Gold:   123        SH:  8    Dex: 13    Spells: 0 memorised, 7 levels left

rFire  . . .     SeeInvis .     a - +3 long sword
rCold  . . .     Clarity  .     b - +0 shield
rNeg   . . .     SustAt   .     (helmet restricted)
rPois  .         Gourm    .     (no amulet)
rElec  .         Spirit   .     v - ring of invisibility
rCorr  .         Warding  .     y - +2 ring of evasion
rMut   .         Stasis   .     (no ring)
MR     .....                    (no ring)
Stlth  ++........               (no ring)
                                (no ring)
                                (no ring)
                                (no ring)

@: not resistant to hostile enchantments, unstealthy
A: almost no armour, amphibious, 8 rings, constrict 8, camouflage 1, gelatinous
body 1
a: Evoke Invisibility


You were on level 6 of the Dungeon.
You were not hungry.

You visited 2 branches of the dungeon, and saw 7 of its levels.
You also visited: Sewer.

You collected 328 gold pieces.
You spent 205 gold pieces at shops.

Inventory:

Hand Weapons
 a - a +3 long sword (weapon)
 x - a +0 blowgun
 A - a -2 scimitar
Missiles
 e - 216 stones
 j - 10 tomahawks (quivered)
 p - 7 curare-tipped needles
 t - 32 poisoned needles
Armour
 b - a +0 shield (worn)
Magical Staves
 r - an uncursed staff of power
 w - an uncursed staff of poison
Jewellery
 v - a ring of invisibility (left tentacle)
 y - a +2 ring of evasion (right tentacle)
Scrolls
 l - a scroll of fear
 q - a scroll of recharging
 s - a scroll of fog
 u - 3 scrolls of teleportation
 z - 2 scrolls of blinking
 C - a scroll of amnesia
Potions
 c - a potion of might
 h - 3 potions of haste {unknown}
 i - 2 potions of magic {unknown}
 k - 2 potions of flight {unknown}
 m - 4 potions of curing {unknown}
 o - 7 potions of brilliance
Comestibles
 d - 2 bread rations
 g - 4 fruits
 n - 4 beef jerkies
 B - 7 chunks of flesh


   Skills:
 + Level 8.0 Fighting
 + Level 7.6 Long Blades
 - Level 3.0 Dodging
 - Level 3.0 Shields


You had 7 spell levels left.
You didn't know any spells.

Dungeon Overview and Level Annotations

Branches:
Dungeon (6/15)             Temple (1/1) D:5

Altars:
Ashenzari
Cheibriados
Elyvilon
Fedhas
Gozag
Kikubaaqudgha
Nemelex Xobeh
Okawaru
Qazlal
Ru
Sif Muna
Trog
Vehumet
Xom
Yredelemnul
Zin
The Shining One

Shops:
D:4 %?=


Innate Abilities, Weirdness & Mutations

You cannot wear most types of armour.
You are amphibious.
You can wear up to eight rings at the same time.
You can use your tentacles to constrict eight enemies at once.
Your skin changes colour to match your surroundings (Stealth).
Your rubbery body absorbs attacks (AC +1).


Message History

The centaur barely misses you.
You slash the centaur!
You kill the centaur!
Your Fighting skill increases to level 8!
Drink which item? (? for menu, Esc to quit)
You feel much better. The ogre hits you with a giant club!
You hit the ogre. You squeeze the ogre!
The ogre is moderately wounded.
The ogre hits you with a giant club!
You slash the ogre! Your squeeze misses the ogre.
The ogre is severely wounded.
You hit the ogre but do no damage.
The ogre is severely wounded.
The ogre hits you with a giant club!!
* * * LOW HITPOINT WARNING * * *
You closely miss the ogre. You squeeze the ogre.
The ogre is severely wounded.
The ogre hits you with a giant club!!
Ouch! That really hurt!
You die...

# ### #. #. #.. #.
.##.# #.# .... #.#
####.# #..# #.#.#.....
#..######.#..#.....
#.@......###.......
##O######.#........ #.#
##)##...... #.#
#.##......
#.#######.##......
####......>..........
........#).....##......
#######.?.#######.#...#
##..# ##.###..


You could see an ogre.

Vanquished Creatures
  A phantom (D:5)
  2 ogres (D:4)
  An ice beast (D:6)
  2 centaurs (D:6)
  2 giant frogs (Sewer)
  4 scorpions
  An orc priest (D:4)
  A crimson imp (D:5)
  A hound (D:5)
  2 orc wizards (D:4)
  A centaur skeleton (D:4)
  2 worker ants
  A hound skeleton (D:5)
  14 adders
  4 river rats
  8 gnolls
  A shadow imp (D:4)
  3 oozes
  An adder zombie (D:5)
  An adder skeleton (D:4)
  A worm (D:3)
  4 orcs
  14 ball pythons
  2 bats
  8 giant cockroaches
  3 hobgoblins
  A quokka (D:3)
  A ball python skeleton (D:4)
  4 giant geckos
  A giant gecko skeleton (D:4)
  9 giant newts
  6 goblins
  3 jackals (D:3)
  A jackal zombie (D:6)
  4 kobolds
  2 quokka skeletons (D:4)
  30 rats
147 creatures vanquished.

Notes
Turn   | Place    | Note
--------------------------------------------------------------
     0 | D:1      | Ordine the Octopode Fighter began the quest for the Orb.
     0 | D:1      | Reached XP level 1. HP: 16/16 MP: 1/1
   330 | D:1      | Reached XP level 2. HP: 21/21 MP: 2/2
   800 | D:2      | Reached XP level 3. HP: 21/26 MP: 3/3
  1818 | D:3      | Found a white marble altar of Elyvilon.
  1975 | D:3      | Reached skill level 4 in Fighting
  1987 | D:3      | Reached XP level 4. HP: 28/33 MP: 4/4
  1988 | D:3      | Found a glowing drain.
  2003 | Sewer    | Entered a sewer
  2278 | Sewer    | Reached XP level 5. HP: 16/38 MP: 5/5
  2554 | Sewer    | Noticed a giant frog
  2554 | Sewer    | Noticed a giant frog
  2703 | Sewer    | Killed a giant frog
  2703 | Sewer    | Reached skill level 5 in Fighting
  2703 | Sewer    | Reached XP level 6. HP: 31/45 MP: 6/6
  2717 | Sewer    | Killed a giant frog
  3321 | D:3      | Found a sacrificial altar of Ru.
  3445 | D:3      | Reached skill level 5 in Long Blades
  4036 | D:4      | Reached XP level 7. HP: 28/51 MP: 7/7
  4055 | D:4      | Reached skill level 6 in Fighting
  4418 | D:4      | Found Baicra's Jewellery Boutique.
  4426 | D:4      | Bought a +2 ring of evasion for 100 gold pieces
  4492 | D:4      | Found Archichei's Magic Scroll Shoppe.
  4503 | D:4      | Bought a scroll of enchant weapon for 105 gold pieces
  5033 | D:4      | Found Joygg's Food Shop.
  5200 | D:4      | Reached XP level 8. HP: 51/58 MP: 8/8
  5377 | D:5      | Entered Level 5 of the Dungeon
  5487 | D:5      | Found a staircase to the Ecumenical Temple.
  5580 | D:5      | Reached skill level 7 in Fighting
  5702 | Temple   | Entered the Ecumenical Temple
  6164 | D:5      | You fall through a shaft!
  6382 | D:6      | Reached skill level 8 in Fighting
  6393 | D:6      | Annihilated by an ogre

Vault maps used:
D:1:      dpeg_arrival_three_smaller_balls, hangedman_abyss_or_decor_stabs
D:3:      elyvilon_altar_1, first_bread, gup_sewer_entry_bubbles,
          nicolae_ru_sacrificial_ziggurat
D:4:      wad_river_or_something, serial_shops, shop, shop,
          nicolae_shop_behind_doors
D:5:      temple_doors_e, minmay_lizard_king
D:6:      nicolae_ossuary_entry_giza
Temple:   nicolae_temple_elliptical
Sewer:    sewer_minmay_w

Action                   |  1- 3 |  4- 6 |  7- 9 || total
-------------------------+-------+-------+-------++-------
Melee: Long sword        |    46 |   136 |   116 ||   298
 Fire: Blowgun           |       |       |     7 ||     7
Throw: Tomahawk          |       |       |     1 ||     1
  Use: Scroll            |     7 |     5 |     6 ||    18
       Potion            |       |     2 |     1 ||     3
 Stab: Sleeping          |     6 |     7 |     9 ||    22
       Distracted        |       |       |     1 ||     1
  Eat: Chunk             |     2 |     8 |     6 ||    16
       Fruit             |       |       |     2 ||     2
